 Dungeon Crawl Stone Soup version 0.29.1-1-gd02db6906a (webtiles) character file.

Game seed: 17891267844731381166

24 masschaos23 the Trooper (level 3, -1/33 HPs)
             Began as a Hill Orc Fighter on Sept 25, 2022.
             Slain by Terence
             ... wielding a +0 hand axe of distortion
              (4 damage)
             ... on level 2 of the Dungeon.
             The game lasted 00:01:20 (1099 turns).

masschaos23 the Trooper (Hill Orc Fighter)          Turns: 1099, Time: 00:01:20

Health: -1/33      AC:  6    Str: 20    XL:     3   Next: 2%
Magic:  3/3        EV:  6    Int:  8    God:
Gold:   109        SH:  4    Dex: 10    Spells: 2/2 levels left

rFire   . . .      SeeInvis .   a - +0 war axe
rCold   . . .      Faith    .   c - +0 buckler
rNeg    . . .      Spirit   .   b - +0 scale mail
rPois   .          Reflect  .   (no helmet)
rElec   .          Harm     .   (no cloak)
rCorr   .          Rampage  .   (no gloves)
Will    .....                   (no boots)
Stlth   ..........              (no amulet)
HPRegen 0.11/turn               (no ring)
MPRegen 0.08/turn               (no ring)

@: constricted
A: no striking features
a: no special abilities


You were on level 2 of the Dungeon.
You visited 1 branch of the dungeon, and saw 2 of its levels.

You collected 109 gold pieces.

Inventory:

Hand Weapons
 a - a +0 war axe (weapon)
Armour
 b - a +0 scale mail (worn)
 c - a +0 buckler (worn)
Magical Staves
 j - a staff of death
Scrolls
 e - 3 scrolls of identify {unknown}
 g - a scroll of noise {unknown}
 h - a scroll of magic mapping {unknown}
Potions
 d - a potion of might
 f - a potion of heal wounds {unknown}
 i - a potion of magic {unknown}


   Skills:
 + Level 4.0 Fighting
 + Level 3.2 Axes
 + Level 3.6 Armour
 + Level 3.6 Shields


You had 2 spell levels left.
You didn't know any spells.
Your spell library was empty.

Dungeon Overview and Level Annotations

Branches:
Dungeon (2/15)

Altars:

Shops:
D:2 (

Annotations:
D:2 Terence


Message History

There is an entrance to Ewao's Weapon Emporium here.
Terence the Incautious comes into view.
He is wielding a +0 hand axe of distortion.
A bat comes into view.
The bat barely misses you.
You closely miss the bat. You hit Terence. The bat hits you but does no damage.
Terence hits you but does no damage.
You blink.
A ball python comes into view.
Found a scroll labelled ROATHR YMAMEZ.
The ball python hisses angrily.
You hit Terence but do no damage.
Terence is lightly wounded.
You block the bat's attack. Terence hits you but does no damage.
You slash Terence!
Terence is heavily wounded.
You barely miss the bat. The bat hits you but does no damage.
The bat misses you. Terence barely misses you.
The bat hits you but does no damage.
You hit Terence.
Terence is severely wounded.
You closely miss the bat. The bat hits you but does no damage.
Terence barely misses you. You block the bat's attack. Terence misses you.
You barely miss Terence.
Terence is severely wounded.
You closely miss the bat. You block the bat's attack.
The bat closely misses you.
Terence hits you with a +0 hand axe of distortion!
Space warps horribly around you!!
Ouch! That really hurt!
* * * LOW HITPOINT WARNING * * *
The ball python bites you but does no damage.
The ball python grabs you. The ball python constricts you.
You closely miss Terence.
Terence is severely wounded.
You closely miss the bat. You closely miss the ball python.
The bat hits you but does no damage. x2
Terence screams, "I want your blood!"
Terence hits you with a +0 hand axe of distortion.
* * * LOW HITPOINT WARNING * * *
Space warps around you.
You die...

........∩......##..
....<#.....##.......#
....#.....##....##..
#.#.#.....##........
####.#.#.....##........
. ..................##..
...#.....(..............
.......@S...#.#...^.....
.#...@b...............
#.##.#...#.#.... ...
........... .#
##.#...#.#.# ...........
.?. .. .. ..# ... . ....
...


You could see Terence, a bat and a ball python.

Vanquished Creatures
  2 dart slugs (D:1)
  3 endoplasms (D:1)
  2 giant cockroaches (D:1)
  2 goblins (D:1)
  2 hobgoblins (D:1)
  2 ball pythons (D:1)
  2 bats
  A frilled lizard (D:1)
  A kobold (D:1)
  2 rats (D:1)
19 creatures vanquished.

Notes
Turn   | Place    | Note
-------+----------+-------------------------------------------
     0 | D:1      | masschaos23 the Hill Orc Fighter began the quest for the
                  | Orb.
     0 | D:1      | Reached XP level 1. HP: 19/19 MP: 1/1
   371 | D:1      | Reached XP level 2. HP: 26/27 MP: 2/2
   842 | D:1      | Reached skill level 4 in Fighting
   842 | D:1      | Reached XP level 3. HP: 28/33 MP: 3/3
  1078 | D:2      | Found Ewao's Weapon Emporium.
  1090 | D:2      | Noticed Terence
  1099 | D:2      | Slain by Terence

Illustrated notes

Levels and vault maps discovered:
D:1:      dpeg_arrival_simpleton_b, layout_basic, minmay_pentomino_u2
D:2:      layout_basic, serial_shops, shop, shop, basic_altar, uniq_terence

Skill      XL: |  1  2 |
---------------+-------+-----
Axes           | 3 |  3.2
Fighting       | 4 |  4.0
Armour         | |  3.6
Shields        | |  3.6

Action                   || total
-------------------------++-------
Melee: War axe           ||    61
Armor: Scale mail        ||    39
Dodge: Dodged            ||    31
Block: Buckler           ||    14
